 Dungeon Crawl Stone Soup version 0.29.0-4-gdea44cf6ec (webtiles) character file.

Game seed: 14587447960923014425

24675 inmateoo the Spear-Bearer (level 12, -5/110 HPs)
             Began as a Minotaur Fighter on Aug 27, 2022.
             Was a Priest of Okawaru.
             Slain by a phantasmal warrior (28 damage)
             ... led by a death knight
             ... on level 12 of the Dungeon.
             The game lasted 00:14:08 (11064 turns).

inmateoo the Spear-Bearer (Minotaur Fighter)       Turns: 11064, Time: 00:14:08

Health: -5/110     AC: 15    Str: 34    XL:     12   Next: 82%
Magic:  11/11      EV: 13    Int:  7    God:    Okawaru [***...]
Gold:   1227       SH: 17    Dex: 17    Spells: 11/11 levels left

rFire   . . .      SeeInvis +   s - +6 trident of Propriety {speed, Str+7}
rCold   + + .      Faith    .   A - +0 tower shield
rNeg    . . .      Spirit   .   E - +2 scale mail {rPois}
rPois   +          Reflect  .   i - +1 hat
rElec   .          Harm     .   p - +0 cloak
rCorr   .          Rampage  +   (no gloves)
Will    .....                   e - +0 pair of boots "Cuanol" {Rampage +Blink Int-4 SInv}
Stlth   ..........              u - amulet of Basith {Regen+ Str+2 Int+4 Dex+5}
HPRegen 1.08/turn               x - ring of Royalty {rC++ Int+2 Dex-5 SInv}
MPRegen 0.12/turn               v - +6 ring of dexterity

@: weak-willed
A: horns 2, retaliatory headbutt
a: Renounce Religion, Evoke Blink, Heroism


You were on level 12 of the Dungeon.
You worshipped Okawaru.
Okawaru was most pleased with you.
You visited 2 branches of the dungeon, and saw 14 of its levels.

You collected 1515 gold pieces.
You spent 288 gold pieces at shops.

Inventory:

Hand Weapons
 a - a +1 war axe
 s - the +6 trident of Propriety (weapon) {speed, Str+7}
   (You found it on level 3 of the Dungeon)

   Attacks with this weapon are significantly faster.
   Str:       It affects your strength (+7).
Missiles
 w - 2 throwing nets (quivered)
Armour
 e - the +0 pair of boots "Cuanol" (worn) {Rampage +Blink Int-4 SInv}
   (You found it on level 4 of the Dungeon)

   Int:       It affects your intelligence (-4).
   SInv:      It lets you see invisible.
   +Blink:    It lets you blink.
   Rampage:   It bestows one free step when moving towards enemies.
 i - a +1 hat (worn)
 j - a +0 pair of boots
 p - a +0 cloak (worn)
 A - a +0 tower shield (worn)
 E - a +2 scale mail of poison resistance (worn)
Jewellery
 n - a ring of flight
 u - the amulet of Basith (around neck) {Regen+ Str+2 Int+4 Dex+5}
   (You found it on level 3 of the Dungeon)

   [amulet of regeneration]

   Str:       It affects your strength (+2).
   Int:       It affects your intelligence (+4).
   Dex:       It affects your dexterity (+5).
   Regen:     It increases your rate of health regeneration.
 v - a +6 ring of dexterity (right hand)
 x - the ring of Royalty (left hand) {rC++ Int+2 Dex-5 SInv}
   (You acquired it on level 7 of the Dungeon)

   [ring of see invisible]

   Int:       It affects your intelligence (+2).
   Dex:       It affects your dexterity (-5).
   rC:        It greatly protects you from cold.
   SInv:      It lets you see invisible.
 z - a ring of ice
Scrolls
 c - a scroll of enchant weapon
 k - 2 scrolls of blinking
 y - 2 scrolls of amnesia
Potions
 d - a potion of might
 f - a potion of heal wounds
 g - 9 potions of curing
 h - 6 potions of brilliance
 l - a potion of haste
 m - 2 potions of invisibility
 o - 2 potions of flight
 q - a potion of mutation
 B - 3 potions of lignification
 C - a potion of magic
 D - 2 potions of cancellation
Miscellaneous
 b - a condenser vane (inert)


   Skills:
 + Level 11.2 Fighting
 - Level 5.5(10.8) Axes
 * Level 14.3(14.7) Polearms
 + Level 11.3 Armour
 + Level 9.7 Dodging
 - Level 0.1 Stealth
 + Level 11.3 Shields
 + Level 0.2 Invocations
 + Level 0.2 Evocations


You had 11 spell levels left.
You didn't know any spells.
Your spell library contained the following spells:

 Spells                   Type           Power      Damage    Failure   Level
 Magic Dart               Conj           0%         1d3       99%         1
 Poisonous Vapours        Pois/Air       0%         N/A       99%         2
 Static Discharge         Conj/Air       0%         3-3/arc   99%         2
 Mephitic Cloud           Conj/Pois/Air  0%         N/A       100%        3
 Portal Projectile        Hex/Tloc       0%         N/A       100%        3
 Corpse Rot               Necr/Pois/Air  0%         N/A       100%        4
 Dispel Undead            Necr           0%         3d6       100%        4
 Leda's Liquefaction      Hex/Erth       0%         N/A       100%        4
 Sticky Flame             Conj/Fire      0%         2d3       100%        4
 Call Imp                 Summ           Unusable   N/A       N/A         2
 Call Canine Familiar     Summ           Unusable   N/A       N/A         3

Dungeon Overview and Level Annotations

Branches:
Dungeon (13/15)            Temple (1/1) D:5            Lair (0/5) D:8
    Orc (0/2) D:11
 Vaults: D:13-14

Altars:
Ashenzari
Cheibriados
Dithmenos
Elyvilon
Fedhas
Gozag
Hepliaklqana
Kikubaaqudgha
Makhleb
Nemelex Xobeh
Okawaru
Qazlal
Ru
Sif Muna
Trog
Uskayaw
Vehumet
Wu Jian
Xom
Yredelemnul
Zin
The Shining One

Shops:
D:11 ([


Innate Abilities, Weirdness & Mutations

You have a pair of horns on your head.
You reflexively headbutt those who attack you in melee.


Message History

There is a stone staircase leading down here.
You closely miss the phantasmal warrior.
You headbutt the phantasmal warrior.
The phantasmal warrior is heavily damaged.
You puncture the phantasmal warrior! You headbutt the phantasmal warrior!
The phantasmal warrior is almost destroyed.
You block the phantasmal warrior's attack. x2
You hit the phantasmal warrior.
You headbutt the phantasmal warrior, but do no damage.
The phantasmal warrior is almost destroyed.
You block the phantasmal warrior's attack. x2
You closely miss the phantasmal warrior.
You headbutt the phantasmal warrior.
You destroy the phantasmal warrior!
Okawaru accepts your kill.
You puncture the phantasmal warrior!
You headbutt the phantasmal warrior, but do no damage.
The phantasmal warrior is moderately damaged.
The phantasmal warrior hits you!!
You puncture the phantasmal warrior!
You headbutt the phantasmal warrior, but do no damage.
The phantasmal warrior is heavily damaged.
You block the phantasmal warrior's attack.
You hit the phantasmal warrior but do no damage.
The phantasmal warrior is heavily damaged.
You hit the phantasmal warrior but do no damage.
You headbutt the phantasmal warrior!
The phantasmal warrior is severely damaged.
You block the phantasmal warrior's attack.
You hit the phantasmal warrior but do no damage.
You headbutt the phantasmal warrior, but do no damage.
The phantasmal warrior is severely damaged.
You closely miss the phantasmal warrior.
The phantasmal warrior is severely damaged.
The phantasmal warrior hits you!!
* * * LOW HITPOINT WARNING * * *
You barely miss the phantasmal warrior.
The phantasmal warrior is severely damaged.
The phantasmal warrior hits you!!
You die...

#......# ###'## #......#
#..... #......# #.....
#####......# #.....
....'......# #.....
.####......# #..... .#
#......### #..... .#
#......'.###############.....
##
#...)..#....@W....../.)'.....
#......#################.....
#......# ###### #####'## #
#))# # ##)## # #..# # #.##
####### ####.## #......


You could see a phantasmal warrior.

Vanquished Creatures
  A catoblepas (D:9)
  A boulder beetle (D:11)
  2 hydras
  2 two-headed ogres
  A centaur warrior (D:9)
  Urug (D:12)
  Sonja (D:12)
  A skeletal warrior (D:6)
  Pikel (D:3)
  A phantasmal warrior (D:12)
  A deep elf pyromancer (D:12)
  A wizard (D:9)
  An ugly thing (D:11)
  A cyclops (D:6)
  2 gargoyles
  2 unseen horrors
  Psyche (D:9)
  A troll (D:9)
  2 hornets (D:9)
  4 slime creatures (D:9)
  Sigmund (D:2)
  A shadow (D:9)
  7 wraiths
  3 vampires
  4 wyverns
  16 yaks
  7 steam dragons
  2 wargs (D:8)
  An acid dragon (D:10)
  2 water moccasins
  4 orc warriors
  2 ice beasts (D:7)
  A black bear (D:7)
  5 sky beasts
  8 centaurs
  3 ogres
  A lemure (D:4)
  2 phantoms (D:6)
  4 kobold brigands
  2 gnoll sergeants
  6 bullfrogs
  A necrophage (D:7)
  4 scorpions
  18 wights
  20 killer bees
  2 electric eels
  2 vampire bats (D:3)
  12 howler monkeys
  9 crimson imps (D:8)
  8 orc priests
  8 hounds
  3 jellies (D:7)
  2 gnoll boudas
  5 iguanas
  17 orc wizards
  Natasha (thrice) (D:4)
  Robin (D:2)
  11 gnolls
  7 adders
  2 shadow imps
  3 white imps
  4 ufetubi
  2 worms (D:4)
  A dart slug (D:2)
  46 orcs
  4 bat skeletons (D:3)
  A bat zombie (D:3)
  4 endoplasms
  4 giant cockroaches
  15 goblins
  9 hobgoblins
  2 quokkas
  7 ball pythons
  4 bats
  4 frilled lizards
  14 kobolds
  3 rats
  A spectral orc (D:3)
373 creatures vanquished.

Vanquished Creatures (others)
  2 orc wizards
  8 plants
10 creatures vanquished.

Grand Total: 383 creatures vanquished

Notes
Turn   | Place    | Note
-------+----------+-------------------------------------------
     0 | D:1      | inmateoo the Minotaur Fighter began the quest for the Orb.
     0 | D:1      | Reached XP level 1. HP: 19/19 MP: 0/0
   179 | D:1      | Reached skill level 1 in Dodging
   179 | D:1      | Reached XP level 2. HP: 21/27 MP: 1/1
   571 | D:1      | Found a faded altar of an unknown god.
   574 | D:1      | Reached XP level 3. HP: 32/33 MP: 2/2
   971 | D:2      | Noticed Robin
  1278 | D:2      | Killed Robin
  1279 | D:2      | Reached XP level 4. HP: 35/40 MP: 3/3
  1550 | D:2      | Noticed Sigmund
  1864 | D:2      | Killed Sigmund
  1865 | D:2      | Reached skill level 5 in Axes
  1865 | D:2      | Reached XP level 5. HP: 46/46 MP: 4/4
  2543 | D:3      | Found a basalt altar of Yredelemnul.
  2704 | D:3      | Identified the +6 trident of Propriety {speed, Str+7}
  2827 | D:3      | Identified the amulet of Basith {Regen+ Str+2 Int+4 Dex+5}
  2902 | D:3      | Found an ancient bone altar of Kikubaaqudgha.
  2907 | D:3      | Reached XP level 6. HP: 50/52 MP: 5/5
  3058 | D:4      | Noticed Pikel
  3090 | D:3      | Killed Pikel
  3091 | D:3      | Reached skill level 5 in Fighting
  3091 | D:3      | Reached skill level 3 in Polearms
  3091 | D:3      | Reached skill level 5 in Armour
  3091 | D:3      | Reached skill level 5 in Shields
  3091 | D:3      | Reached XP level 7. HP: 33/61 MP: 6/6
  3199 | D:4      | Reached skill level 4 in Polearms
  3225 | D:4      | Reached XP level 8. HP: 68/68 MP: 7/7
  3482 | D:4      | Identified the +0 pair of boots "Cuanol" {Rampage +Blink
                  | Int-4 SInv}
  3485 | D:4      | Noticed Natasha
  3491 | D:4      | Killed Natasha
  3534 | D:4      | Noticed Natasha
  3538 | D:4      | Killed Natasha
  3581 | D:4      | Noticed Natasha
  3585 | D:4      | Killed Natasha
  3706 | D:4      | Reached skill level 5 in Polearms
  3843 | D:5      | Entered Level 5 of the Dungeon
  4330 | D:5      | Found a staircase to the Ecumenical Temple.
  4350 | D:5      | Reached skill level 6 in Polearms
  4362 | Temple   | Entered the Ecumenical Temple
  4585 | D:5      | Reached skill level 5 in Dodging
  4705 | D:5      | Reached XP level 9. HP: 77/77 MP: 8/8
  4953 | D:5      | Found a blossoming altar of Fedhas.
  4953 | D:5      | Found a white marble altar of Elyvilon.
  4995 | D:5      | Reached skill level 7 in Polearms
  5272 | D:6      | Noticed a cyclops
  5273 | D:6      | Noticed a skeletal warrior
  5280 | D:6      | Killed a cyclops
  5309 | D:6      | Killed a skeletal warrior
  5310 | D:6      | Reached skill level 8 in Polearms
  5490 | D:6      | Found a bloodstained altar of Trog.
  5532 | D:6      | Found a radiant altar of Vehumet.
  5786 | D:7      | Found a snail-covered altar of Cheibriados.
  5829 | D:7      | Reached XP level 10. HP: 86/86 MP: 9/9
  5839 | D:7      | Reached skill level 9 in Polearms
  5868 | D:7      | Identified a scroll of acquirement
  5868 | D:7      | Acquired the ring of Royalty {rC++ Int+2 Dex-5 SInv}
  5890 | D:7      | Found an opulent altar of Gozag.
  6187 | D:7      | Reached skill level 10 in Polearms
  6693 | D:8      | Found a staircase to the Lair.
  7170 | D:8      | Reached XP level 11. HP: 86/95 MP: 10/10
  7395 | D:9      | Reached skill level 11 in Polearms
  7461 | D:9      | Found a snail-covered altar of Cheibriados.
  7475 | D:9      | Noticed a catoblepas
  7475 | D:9      | Noticed a wizard
  7479 | D:9      | Noticed a centaur warrior
  7681 | D:9      | Killed a catoblepas
  7729 | D:9      | Killed a centaur warrior
  7778 | D:9      | Killed a wizard
  7788 | D:9      | Noticed a two-headed ogre
  7801 | D:9      | Killed a two-headed ogre
  7802 | D:9      | Reached skill level 12 in Polearms
  8007 | D:9      | Reached skill level 10 in Armour
  8146 | D:9      | Noticed Psyche
  8190 | D:9      | Killed Psyche
  8191 | D:9      | Reached skill level 10 in Shields
  8467 | D:9      | Reached skill level 10 in Fighting
  8761 | D:9      | Reached XP level 12. HP: 105/106 MP: 11/11
  9126 | D:10     | Entered Level 10 of the Dungeon
  9157 | D:10     | Reached skill level 13 in Polearms
  9419 | D:10     | You fall into a shaft and drop 2 floors!
  9443 | D:11     | Noticed a seven-headed hydra
  9467 | D:11     | Killed a seven-headed hydra
  9485 | D:11     | Noticed a boulder beetle
  9505 | D:11     | Killed a boulder beetle
  9595 | D:10     | Found an iron altar of Okawaru.
  9667 | D:10     | Became a worshipper of Warmaster Okawaru
  9780 | D:11     | Found Egatopn's Armour Shop.
  9822 | D:11     | Found a staircase to the Orcish Mines.
  9824 | D:11     | Found Finim's Weapon Shop.
  9857 | D:11     | Bought a +2 scale mail of poison resistance for 288 gold
                  | pieces
  9992 | D:11     | Noticed a two-headed ogre
 10001 | D:11     | Killed a two-headed ogre
 10001 | D:11     | Reached * piety under Okawaru
 10635 | D:12     | Reached ** piety under Okawaru
 10646 | D:12     | Noticed Urug
 10656 | D:12     | Killed Urug
 10657 | D:12     | Reached skill level 14 in Polearms
 10867 | D:12     | Noticed Sonja
 10867 | D:12     | Noticed a four-headed hydra
 10874 | D:12     | Killed Sonja
 10878 | D:12     | Killed a four-headed hydra
 10878 | D:12     | Reached *** piety under Okawaru
 11047 | D:13     | Noticed a death knight
 11064 | D:12     | Slain by a phantasmal warrior

Illustrated notes

Levels and vault maps discovered:
D:1:      amcnicky_arrival_flooded_fountain, layout_basic,
          hellmonk_ecumenical_altar_prayer_group, dreamdust_wishing_well,
          grunt_decor_arrowhead
D:2:      layout_basic, uniq_sigmund, uniq_robin
D:3:      layout_basic, yredelemnul_forgotten_temple_becter,
          kennysheep_vampire_church, serial_rivers,
          chequers_serial_rivers_micro_a, chequers_serial_rivers_micro_c,
          chequers_serial_rivers_room_b, chequers_serial_rivers_micro_c,
          chequers_serial_rivers_room_b, chequers_serial_rivers_micro_e
D:4:      minmay_polygon_palace, layout_cave_pools, uniq_natasha, uniq_pikel
D:5:      layout_loops_corners, nicolae_overflow_hidden_temple,
          minmay_temple_entry_mist
D:6:      layout_cave_pools, mainiacjoe_overflow_surrounded_room,
          nicolae_vehumet_radiance, hangedman_decor_push, minmay_small_thing
D:7:      layout_loops_ring, general_overflow_altar, serial_bayou_pond_b,
          minmay_ruined_shrine
D:8:      layout_gridville, erik_lair_orcish_takeover, minmay_nine_imps
D:9:      hangedman_cross_cluster, layout_grid_maze, uniq_psyche
D:10:     layout_cave_pools, old_standard_altar, serial_bayou_pond_b
D:11:     layout_basic, orc_david_3
D:12:     layout_roguey, uniq_sonja, uniq_urug
D:13:     layout_stronghold
Temple:   nicolae_temple_ecumenical_triangle

Skill      XL: |  1  2  3  4  5  6  7  8  9 10 11 12 |
---------------+-------------------------------------+-----
Dodging        | 1 2 3 5 6 7 8 9 |  9.7
Axes           | 3 5 |  5.5
Fighting       | 4 5 6 7 8 10 11 | 11.2
Armour         | 4 5 6 7 9 10 11 | 11.3
Shields        | 4 5 6 7 9 10 11 | 11.3
Polearms       | 3 4 6 8 10 12 14 | 14.3
Stealth        | |  0.1
Invocations    | |  0.2
Evocations     | |  0.2

Action                   |  1- 3 |  4- 6 |  7- 9 | 10-12 || total
-------------------------+-------+-------+-------+-------++-------
Melee: War axe           |    66 |    27 |       |       ||    93
       Headbutt          |     9 |     6 |    48 |   135 ||   198
       Trident           |       |    27 |   247 |   729 ||  1003
       Unarmed           |       |       |       |     1 ||     1
Evoke: Condenser vane    |       |       |       |     2 ||     2
       Wand              |       |       |       |     1 ||     1
  Use: Scroll            |       |     2 |    12 |    10 ||    24
       Potion            |       |       |       |     1 ||     1
Armor: Scale mail        |    31 |    10 |       |    11 ||    52
       Chain mail        |       |       |    52 |    81 ||   133
       Plate armour      |       |       |       |    55 ||    55
Dodge: Dodged            |    34 |    30 |    52 |   118 ||   234
Block: Buckler           |    24 |    18 |    30 |    11 ||    83
       Tower shield      |       |       |       |   306 ||   306
